 Dungeon Crawl Stone Soup version 0.31.0-32-g396128a36d (webtiles) character file.

Game seed: 16984038624341476643

132298 PaiMei the Lord of Darkness (level 16, -11/127 HPs)
             Began as a Demonspawn Necromancer on Mar 30, 2024.
             Was the Champion of Kikubaaqudgha.
             Incinerated by a deep elf pyromancer (16 damage)
             ... with a pyre arrow
             ... on level 2 of the Orcish Mines on Mar 31, 2024.
             The game lasted 01:37:27 (39471 turns).

PaiMei the Lord of Darkness (DsNe)                 Turns: 39471, Time: 01:37:28

Health: -11/127    AC: 21    Str:  8    XL:     16   Next: 57%
Magic:  0/52       EV: 15    Int: 30    God:    Kikubaaqudgha [******]
Gold:   2682       SH: 13    Dex: 14    Spells: 11/43 levels left

rFire   x . .        M - +1 flail (protect)
rCold   . . .        X - +2 buckler
rNeg    . . .        i - +1 troll leather armour {Snorg}
rPois   .            y - +2 hat
rElec   +            Z - scarf {repulsion}
rCorr   +            a - +0 pair of gloves of the Hot Ocelot {Fly rElec rF-}
SInv    .            F - +1 pair of boots "Giufrenosh" {^Contam +Blink rCorr MP+9}
Will    +....        V - amulet of reflection
Stlth   +            t - ring of magical power
HPRegen 1.21/turn    Y - +6 ring of intelligence
MPRegen 0.66/turn

%: repel missiles, reflection, guardian spirit
@: on fire, under a protective aura, flying, glowing
A: hooves 2, yellow scales 2, spiny 2, magic shield, magic regeneration
a: Renounce Religion, Evoke Blink, Unearth Wretches, Torment, Brand Weapon With
Pain, Receive Forbidden Knowledge


You were on level 2 of the Orcish Mines.
You worshipped Kikubaaqudgha.
Kikubaaqudgha was exalted by your worship.
You visited 5 branches of the dungeon, and saw 24 of its levels.
You also visited: Sewer, Gauntlet and Ice Cave.

You collected 3215 gold pieces.
You spent 533 gold pieces at shops.

Inventory:

Hand Weapons
 M - a +1 flail of protection (weapon)
 P - the +4 dagger of Excruciating Pain {speed, rPois Str+5 Int-2}
   (You found it on level 9 of the Dungeon)

   Str+5:     It affects your strength (+5).
   Int-2:     It affects your intelligence (-2).
   rPois:     It protects you from poison
Missiles
 g - 5 curare-tipped darts
 s - 6 atropa-tipped darts (quivered)
Armour
 a - the +0 pair of gloves of the Hot Ocelot (worn) {Fly rElec rF-}
   (You bought it in a shop on level 7 of the Dungeon)

   rF-:       It makes you vulnerable to fire.
   rElec:     It insulates you from electricity.
   Fly:       It grants you flight.
 i - a +1 troll leather armour (worn) {Snorg}
 y - a +2 hat (worn)
 B - the +3 hat of Pondering {ponderous, Will+ MP+10 Int+5}
   (You took it off Gastronok on level 10 of the Dungeon)

   Int+5:     It affects your intelligence (+5).
   Will+:     It increases your willpower.
   MP+10:     It affects your magic capacity (+10).
 F - the +1 pair of boots "Giufrenosh" (worn) {^Contam +Blink rCorr MP+9}
   (You found it on level 7 of the Dungeon)

   MP+9:      It affects your magic capacity (+9).
   +Blink:    It lets you blink.
   ^Contam:   It causes magical contamination when unequipped.
   rCorr:     It protects you from acid and corrosion.
 X - a +2 buckler (worn)
 Z - a scarf of repulsion (worn)
Jewellery
 r - a ring of see invisible
 t - a ring of magical power (left hand)
 I - the ring "Eneex" {rF+ Int+3}
   (You found it on level 10 of the Dungeon)

   [ring of protection from fire]

   Int+3:     It affects your intelligence (+3).
   rF+:       It protects you from fire.
 V - an amulet of reflection (around neck)
 Y - a +6 ring of intelligence (right hand)
Wands
 w - a wand of paralysis (30)
 x - a wand of iceblast (29)
 A - a wand of polymorph (23)
 L - a wand of light (19)
 Q - a wand of flame (27)
 U - a wand of digging (5)
Scrolls
 c - 8 scrolls of enchant armour
 e - 4 scrolls of revelation
 h - 2 scrolls of fear
 k - 10 scrolls of teleportation
 m - a scroll of acquirement
 p - 4 scrolls of fog
 q - 5 scrolls of blinking
 z - a scroll of enchant weapon
 K - 2 scrolls of immolation
 O - a scroll of amnesia
 S - a scroll of butterflies {unknown}
 W - 2 scrolls of poison {unknown}
Potions
 b - 4 potions of magic
 d - 10 potions of heal wounds
 f - 3 potions of cancellation
 n - 3 potions of attraction
 v - 9 potions of curing
 C - 6 potions of ambrosia
 T - 2 potions of might
Miscellaneous
 j - a condenser vane
 u - a lightning rod (4/4)
 E - a phial of floods
 G - a box of beasts
 N - a phantom mirror


   Skills:
 - Level 12.3 Fighting
 + Level 8.8 Armour
 - Level 9.0 Dodging
 - Level 2.0 Stealth
 - Level 7.2 Shields
 + Level 14.3 Spellcasting
 + Level 17.1 Necromancy
 - Level 6.0 Earth Magic
 + Level 6.7 Evocations


You had 11 spell levels left.
You knew the following spells:

 Your Spells              Type           Power      Damage    Failure   Level
a - Necrotise             Necr           100%       1d9       0%          1
b - Vampiric Draining     Necr           90%        2d12      0%          3
c - Animate Dead          Necr           90%        N/A       1%          4
d - Curse of Agony        Necr           90%        N/A       1%          5
e - Dispel Undead         Necr           90%        3d29      1%          4
f - Borgnjor's Vile Clut  Necr/Erth      37%        N/A       1%          5
g - Sublimation of Blood  Necr           90%        N/A       0%          2
h - Anguish               Hex/Necr       32%        N/A       1%          4
i - Martyr's Knell        Necr/Summ      65%        N/A       1%          4

Your spell library contained the following spells:

 Spells                   Type           Power      Damage    Failure   Level
 Fugue of the Fallen      Necr           90%        N/A       0%          3
 Kiss of Death            Conj/Necr      100%       2d13      1%          1
 Magic Dart               Conj           84%        1d7       4%          1
 Slow                     Hex            84%        N/A       4%          1
 Sting                    Conj/Alch      84%        1d8       4%          1
 Summon Small Mammal      Summ           84%        N/A       4%          1
 Blink                    Tloc           42%        N/A       6%          2
 Call Imp                 Summ           42%        N/A       6%          2
 Mercury Vapours          Alch/Air       42%        N/A       6%          2
 Searing Ray              Conj           42%        2d6       6%          2
 Static Discharge         Conj/Air       42%        3-5/arc   6%          2
 Call Canine Familiar     Summ           21%        N/A       13%         3
 Confusing Touch          Hex            21%        N/A       13%         3
 Mephitic Cloud           Conj/Alch/Air  21%        N/A       13%         3
 Sigil of Binding         Hex            21%        N/A       13%         3
 Airstrike                Air            10%        2d(2-18)  38%         4
 Cause Fear               Hex            10%        N/A       38%         4
 Fulminant Prism          Conj/Alch      10%        3d8       38%         4
 Ignite Poison            Fire/Alch      21%        N/A       38%         4
 Manifold Assault         Tloc           21%        N/A       38%         4
 Olgreb's Toxic Radiance  Alch           21%        N/A       38%         4
 Passage of Golubria      Tloc           21%        N/A       38%         4
 Sticky Flame             Fire/Alch      21%        2d6       38%         4
 Summon Blazeheart Golem  Fire/Summ      21%        N/A       38%         4
 Silence                  Hex/Air        10%        N/A       75%         5
 Conjure Ball Lightning   Conj/Air       10%        3x3d6     100%        6
 Enfeeble                 Hex            10%        N/A       100%        7
 Ozocubu's Refrigeration  Ice            10%        4d9       100%        7
 Discord                  Hex            10%        N/A       100%        8
 Ignition                 Fire           10%        3d5       100%        8
 Lehudib's Crystal Spear  Conj/Erth      19%        10d6      100%        8


Dungeon Overview and Level Annotations

Branches:
Dungeon (15/15)            Temple (1/1) D:7            Lair (5/5) D:8
 Shoals (0/4) Lair:3       Spider (0/4) Lair:3        Slime (0/5) Lair:5
    Orc (2/2) D:9             Elf (1/3) Orc:2        Vaults (0/5) D:14
 Depths (0/4) D:15          Sewer (visited)           IceCv (visited)
Gauntlet (visited)

Altars:
Ashenzari
Cheibriados
Dithmenos
Fedhas
Gozag
Hepliaklqana
Kikubaaqudgha
Makhleb
Nemelex Xobeh
Okawaru
Qazlal
Ru
Sif Muna
Trog
Uskayaw
Vehumet
Wu Jian
Xom
Yredelemnul
Jiyva
Lugonu

Shops:
D:2 (   D:7 ([::!   D:13 ?   D:14 :   Orc:1 [   Orc:2 =(*[

Portals:
Abyss: Lair:5
Trove: D:15 (lose all piety)

Annotations:
D:4 1 runed translucent door, kougar's ghost, novice HOFi
D:10 Erolcha
Temple 2 transporters


Innate Abilities, Weirdness & Mutations

You have hoof-like feet.
You are mostly covered in yellow scales. (AC +3)
You are mostly covered in sharp spines.
When hurt, damage is shared between your health and your magic reserves.
You regenerate magic rapidly.


Message History

The deep elf pyromancer gestures wildly while chanting.
A deep elf archer comes into view. It is wielding a +0 dagger.
The deep elf zephyrmancer mumbles some strange words.
The deep elf zephyrmancer blinks!
The deep elf archer shoots an arrow.
You block the arrow with an invisible shield... and reflect it back!
The arrow barely misses the deep elf archer.
The deep elf zephyrmancer struggles to escape constriction.
A deep elf pyromancer comes into view. It is wielding a +0 long sword.
A deep elf pyromancer comes into view.
It is wielding a +0 long sword of electrocution.
You hear a shout!
The zombie hands release their grip on the deep elf zephyrmancer.
The zombie hands release their grip on something.
The liquid fire burns you!
The deep elf zephyrmancer mumbles some strange words.
The deep elf zephyrmancer blinks!
The deep elf archer casts a spell at you.
You resist with some effort.
You shake off some of the fire as you move.
You fly upwards.
Welcome back to the Orcish Mines!
Reactivating autopickup.
The liquid fire burns you!
* * * LOW HITPOINT WARNING * * *
There is a staircase to the Elven Halls here.
Casting: Borgnjor's Vile Clutch (mildly dangerous; 1% risk of failure)
Confirm with . or Enter, or press ? or * to list all spells.
Aiming: Borgnjor's Vile Clutch (mildly dangerous; 1% risk of failure)
Press: ? - help, Shift-Dir - straight line, f - deep elf archer
Aim: a deep elf archer, wielding a +3 shortbow and wearing a +0 leather armour (heavily wounded, repelling missiles, 100% to hit)
Zombie hands grab the deep elf archer.
The liquid fire burns you!
* * * LOW HITPOINT WARNING * * *
The zombie hands constrict the deep elf archer.
The deep elf archer unwields a +3 shortbow.
The deep elf archer wields a +0 dagger.
The deep elf archer hits you with a +0 dagger!
* * * LOW HITPOINT WARNING * * *
You hit the deep elf archer but do no damage.
Your weapon exudes an aura of protection.
The deep elf archer is heavily wounded.
The liquid fire burns you!
You die...
Kikubaaqudgha rasps: "You have failed me!
Welcome... death!"

....#...##..#...#....##..........
...##..........##....###.........
...###....)....###....#....##.#..
...# ##..)[..#####.........#####.
...###..[...[...###........##....
...#.)....#.....#...........#...)
.........##.....[===="###........
#.......####.........## #........
......### ##.^.@...## #......##
##......# #..e....# ##......#
#...#.## ##....### #....###
###.### ###### ###.## ### ###


You could see a deep elf archer (repels missiles, clutched).

Vanquished Creatures
  Gastronok (D:10)
  An orc warlord (Orc:2)
  Nessos (Lair:4)
  2 minotaurs
  Snorg (D:10)
  The ghost of Josephus the Metamorph, a journeyman FeSh of Trog (Lair:5)
  The ghost of PaiMei the Lord of Darkness, a journeyman DsNe of Kikubaaqudgha (Lair:1)
  3 vault guards (D:14)
  9 hydras
  3 boulder beetles
  6 two-headed ogres
  9 death yaks
  5 centaur warriors
  Erica (D:10)
  A tengu warrior (D:10)
  2 thrashing horrors (Lair:5)
  2 orc high priests
  3 occultists
  Sonja (D:12)
  A deep elf knight (Elf:1)
  A skeletal warrior (D:14)
  Amaemon (Lair:2)
  2 large abominations (Lair:5)
  2 bog bodies (IceCv)
  Lodul (D:10)
  A deep elf archer (Elf:1)
  2 arcanists (Gauntlet)
  Pikel (D:6)
  A lindwurm (shapeshifter) (Lair:5)
  2 necromancers
  5 orc knights
  12 ugly things
  6 deep elf pyromancers
  A deep elf zephyrmancer (Elf:1)
  2 cyclopes
  5 orc sorcerers
  3 manticores
  3 black mambas
  3 kobold blastminers
  16 elephants
  An apocalypse crab (Gauntlet)
  Maggie (D:7)
  15 cane toads
  A torpor snail (Lair:1)
  5 gargoyles
  An ice statue (IceCv)
  A centaur skeleton (D:15)
  A cane toad (shapeshifter) (D:13)
  The ghost of Scarstruck the Trooper, a novice OpSh of Cheibriados (D:5)
  4 rime drakes
  2 kobold demonologists (D:10)
  An efreet (D:13)
  6 komodo dragons
  6 tengu conjurers
  5 yaktaurs (D:15)
  An anaconda simulacrum (IceCv)
  A queen bee (D:11)
  3 polar bears
  14 trolls
  Prince Ribbit (D:8)
  A saltling (Elf:1)
  29 blink frogs
  A raiju (Lair:5)
  3 shadows
  2 slime creatures
  3 culicivoras (Lair:3)
  A water elemental (Orc:2)
  A ynoxinul (Lair:5)
  3 vampires
  5 wraiths
  A yak (shapeshifter) (Elf:1)
  A dire elephant simulacrum (IceCv)
  A spriggan (Lair:5)
  5 wargs
  4 wyverns
  9 basilisks
  39 yaks
  5 steam dragons
  3 redbacks (Lair:3)
  8 vampire mosquitoes
  Menkaure (D:6)
  5 death yak simulacra (IceCv)
  4 chaos spawn (Lair:5)
  A warg (shapeshifter) (D:14)
  2 harpy simulacra (IceCv)
  4 acid dragons
  2 hydra simulacra (IceCv)
  8 water moccasins
  2 black bears
  2 sky beasts (D:7)
  34 orc warriors
  6 ice beasts
  A black bear (shapeshifter) (D:14)
  16 wolves
  16 ogres
  A boggart (D:14)
  2 lemures (D:6)
  9 centaurs
  2 phantoms
  2 necrophages (D:4)
  10 bullfrogs
  5 two-headed ogre simulacra (IceCv)
  2 cane toad simulacra (IceCv)
  10 kobold brigands
  3 scorpions
  9 small abominations (Lair:5)
  A water moccasin zombie (D:4)
  3 wights (D:6)
  An elephant simulacrum (D:12)
  25 killer bees
  3 bombardier beetles
  A howler monkey (D:9)
  2 electric eels (Lair:1)
  A human zombie (D:4)
  4 hounds
  25 orc priests
  2 jellies (D:5)
  Crazy Yiuf (D:7)
  2 gnoll boudas (D:7)
  A bullfrog skeleton (D:4)
  Ijyb (D:5)
  6 hell rats (Lair:3)
  3 iguanas
  35 orc wizards
  4 sleepcaps (D:5)
  3 polar bear simulacra
  9 troll simulacra
  10 spriggan simulacra
  A wolf simulacrum (IceCv)
  3 hound zombies (D:4)
  A howler monkey zombie (D:4)
  6 adders
  17 gnolls
  9 naga simulacra
  4 shadow imps
  10 white imps
  15 ufetubi
  2 adder zombies (D:4)
  12 dart slugs
  94 orcs
  17 endoplasms
  5 giant cockroaches
  3 goblins
  7 hobgoblins
  4 jackals
  A quokka (D:1)
  16 ball pythons
  5 bats
  8 frilled lizards
  69 kobolds
  12 rats
943 creatures vanquished.

Vanquished Creatures (collateral kills)
  A vault guard (D:14)
  A rakshasa (D:15)
  A death knight (D:15)
  A two-headed ogre (D:10)
  3 death yaks
  A swamp dragon (Lair:5)
  A deep elf pyromancer (D:12)
  4 ugly things
  A cyclops (D:12)
  A centaur zombie (D:15)
  A black mamba (Lair:1)
  3 elephants
  An orange demon (Lair:2)
  A gargoyle (D:13)
  A centaur skeleton (D:15)
  5 cane toads
  An unseen horror (D:12)
  3 komodo dragons
  2 tengu conjurers (D:15)
  4 yaktaurs (D:15)
  A polar bear (Lair:3)
  3 blink frogs
  A raiju (shapeshifter) (D:14)
  A raiju (Lair:5)
  6 yaks
  2 basilisks
  A chaos spawn (Lair:5)
  A small abomination (Lair:5)
  3 water moccasins
  2 wolves (Lair:1)
  A swamp drake (Lair:5)
  An ogre (D:10)
  A bullfrog (Lair:3)
  2 howler monkeys
  An orc priest (D:4)
  A gnoll (D:3)
  5 adders (Lair:1)
  A dart slug (Sewer)
  3 ball pythons
  An endoplasm (D:1)
  A giant cockroach (Sewer)
  3 kobolds
  A rat (D:3)
  3 butterflies (Lair:5)
83 creatures vanquished.

Vanquished Creatures (others)
  A deep elf knight (Elf:1)
  4 ugly thing zombies
  A hydra zombie (D:15)
  2 black mamba zombies
  A tengu zombie (D:10)
  6 cane toad zombies
  2 two-headed ogre zombies (D:12)
  3 blink frog zombies
  5 komodo dragon zombies
  A cyclops zombie (D:14)
  A polar bear zombie (Lair:4)
  A raiju zombie (Lair:5)
  2 yak zombies (Lair:1)
  An ogre zombie (D:10)
  A basilisk zombie (Lair:3)
  An orc wizard (D:13)
  A howler monkey zombie (D:10)
  4 orc zombies
38 creatures vanquished.

Grand Total: 1064 creatures vanquished

Notes
Turn   | Place    | Note
-------+----------+-------------------------------------------
     0 | D:1      | PaiMei the Demonspawn Necromancer began the quest for the
                  | Orb.
     0 | D:1      | Reached XP level 1. HP: 13/13 MP: 3/3
    99 | D:1      | Found a faded altar of an unknown god.
   290 | D:1      | Gained mutation: You have large cloven feet. [demonic
                  | ancestry]
   290 | D:1      | Reached XP level 2. HP: 19/19 MP: 0/5
   667 | D:1      | Got the Secrets of Austromancy
  1443 | D:2      | Gained mutation: You regenerate magic rapidly. [demonic
                  | ancestry]
  1443 | D:2      | Reached XP level 3. HP: 25/25 MP: 4/6
  1447 | D:2      | Learned a level 3 spell: Vampiric Draining
  1460 | D:2      | Found Qidomem's Antique Weapon Emporium.
  1555 | D:2      | Reached skill level 1 in Fighting
  1702 | D:2      | Found a sparkling altar of Nemelex Xobeh.
  1734 | D:2      | Identified the +0 cloak of Mutualism {rPois Regen+ Str+2
                  | Dex+2}
  2181 | D:3      | Gained mutation: You are partially covered in sharp spines.
                  | [demonic ancestry]
  2181 | D:3      | Reached XP level 4. HP: 32/32 MP: 3/7
  2383 | D:3      | Found a glowing drain.
  2392 | Sewer    | Entered a sewer
  2452 | Sewer    | Learned a level 4 spell: Animate Dead
  2536 | Sewer    | Reached skill level 5 in Necromancy
  3004 | Sewer    | Noticed a bullfrog
  3005 | Sewer    | Reached XP level 5. HP: 38/38 MP: 6/9
  3214 | Sewer    | Reached XP level 6. HP: 46/46 MP: 2/11
  3776 | D:3      | Reached skill level 6 in Necromancy
  3853 | D:3      | Reached XP level 7. HP: 52/52 MP: 9/12
  5115 | D:4      | Found a runed translucent door.
  5408 | D:4      | Found an ancient bone altar of Kikubaaqudgha.
  5438 | D:4      | Became a worshipper of Kikubaaqudgha
  5452 | D:4      | Gained mutation: When hurt, damage is shared between your
                  | health and your magic reserves. [demonic ancestry]
  5452 | D:4      | Reached XP level 8. HP: 54/61 MP: 14/14
  5502 | D:4      | Reached skill level 7 in Necromancy
  5714 | D:4      | Noticed kougar's ghost (novice HOFi)
  5742 | D:5      | Entered Level 5 of the Dungeon
  5839 | D:5      | Reached skill level 5 in Spellcasting
  5874 | D:5      | Noticed Ijyb
  5874 | D:5      | Paralysed by Ijyb for 3 turns
  5879 | D:5      | Killed Ijyb
  5920 | D:5      | Reached skill level 5 in Fighting
  5920 | D:5      | Reached skill level 5 in Dodging
  6169 | D:5      | Found a runed translucent gate.
  6169 | D:5      | Found a runed translucent gate.
  6169 | D:5      | Noticed Scarstruck's ghost (novice OpSh)
  6170 | D:5      | Found a runed translucent gate.
  6312 | D:5      | Reached * piety under Kikubaaqudgha
  6312 | D:5      | Received a gift from Kikubaaqudgha
  6667 | D:5      | Reached XP level 9. HP: 67/68 MP: 5/17
  7100 | D:6      | Reached skill level 8 in Necromancy
  7173 | D:6      | Noticed Pikel
  7237 | D:6      | Killed Pikel
  7802 | D:6      | Noticed Menkaure
  7808 | D:6      | Killed Menkaure
  8538 | D:7      | Found a shimmering altar of Xom.
  8538 | D:7      | Found a shimmering altar of Xom.
  8551 | D:7      | Found Piedur's Antique Armour Boutique.
  8559 | D:7      | Reached ** piety under Kikubaaqudgha
  8590 | D:7      | Reached skill level 9 in Necromancy
  8637 | D:7      | Found a shimmering altar of Xom.
  8642 | D:7      | Bought a pair of pitted gloves for 199 gold pieces
  8642 | D:7      | Identified the +0 pair of gloves of the Hot Ocelot {Fly
                  | rElec rF-} (You bought it in a shop on level 7 of the
                  | Dungeon)
  8671 | D:7      | Found a shimmering altar of Xom.
  8672 | D:7      | Found a shimmering altar of Xom.
  8682 | D:7      | Found a shimmering altar of Xom.
  8742 | D:7      | Found Gurrigif's Antique Weapon Shop.
  8806 | D:7      | Found a runed translucent door.
  8807 | D:7      | Noticed Crazy Yiuf
  8819 | D:7      | Found a staircase to the Ecumenical Temple.
  8933 | Temple   | Found a transporter.
  8933 | Temple   | Found a transporter.
  8933 | Temple   | Found a transporter.
  8933 | Temple   | Found a transporter.
  8933 | Temple   | Entered the Ecumenical Temple
  8961 | D:7      | Found Laikhir's Book Boutique.
  8994 | D:7      | Reached XP level 10. HP: 79/79 MP: 2/20
  8996 | D:7      | Noticed a deep elf pyromancer
  9160 | D:7      | Noticed a gargoyle
  9291 | D:7      | Learned a level 5 spell: Curse of Agony
  9294 | D:7      | Learned a level 2 spell: Sublimation of Blood
  9605 | D:7      | Identified the +1 pair of boots "Giufrenosh" {^Contam
                  | +Blink rCorr MP+9}
  9643 | D:7      | Noticed Maggie
  9651 | D:7      | Killed Maggie
  9737 | D:7      | Killed a deep elf pyromancer
  9894 | D:7      | Found a broken altar of Ashenzari.
  9901 | D:7      | Found Pirrury's Book Emporium.
  9914 | D:7      | Identified the +3 leather armour "Xauddisovo" {-Tele rElec
                  | rC+}
 10068 | D:7      | Found Etian's Distillery.
 10075 | D:7      | Bought a potion of heal wounds for 65 gold pieces
 10075 | D:7      | Bought a potion of curing for 39 gold pieces
 10268 | D:8      | Reached *** piety under Kikubaaqudgha
 10268 | D:8      | Received a gift from Kikubaaqudgha
 10317 | D:8      | Learned a level 4 spell: Dispel Undead
 10323 | D:8      | Learned a level 5 spell: Borgnjor's Vile Clutch
 10468 | D:8      | Reached skill level 10 in Necromancy
 10502 | D:8      | Found a staircase to the Lair.
 10843 | D:8      | Noticed a two-headed ogre
 11087 | D:8      | Noticed Prince Ribbit
 11094 | D:8      | Killed Prince Ribbit
 11627 | D:7      | Gained mutation: You have hoof-like feet. [demonic
                  | ancestry]
 11627 | D:7      | Reached XP level 11. HP: 81/87 MP: 21/23
 11783 | D:7      | Noticed a boulder beetle
 11923 | D:7      | Killed Crazy Yiuf
 12167 | D:9      | Identified the +4 dagger of Excruciating Pain {speed, rPois
                  | Str+5 Int-2}
 12555 | D:9      | Found a staircase to the Orcish Mines.
 12615 | D:9      | Reached **** piety under Kikubaaqudgha
 12855 | D:9      | Reached skill level 11 in Necromancy
 13286 | D:10     | Entered Level 10 of the Dungeon
 13712 | D:10     | Noticed Snorg
 13720 | D:10     | Killed Snorg
 13906 | D:10     | Noticed Gastronok
 13938 | D:10     | Killed Gastronok
 14013 | D:10     | Identified the ring "Eneex" {rF+ Int+3}
 14045 | D:10     | Noticed Erica
 14057 | D:10     | Killed Erica
 14058 | D:10     | Reached skill level 1 in Shields
 14400 | D:10     | Identified the +0 ring mail of the Tormentor {rN+ rCorr}
 14400 | D:10     | Noticed a tengu warrior
 14400 | D:10     | Noticed a two-headed ogre
 14440 | D:10     | Killed a tengu warrior
 14473 | D:10     | Killed a two-headed ogre
 14474 | D:10     | Reached XP level 12. HP: 84/97 MP: 2/25
 14972 | D:10     | Reached skill level 10 in Fighting
 14992 | D:10     | Noticed Lodul
 15034 | D:10     | Killed Lodul
 15169 | D:10     | Your ally Lodul died
 15174 | D:10     | Reached skill level 12 in Necromancy
 15449 | D:10     | Noticed a two-headed ogre
 15456 | D:10     | Killed a two-headed ogre
 15598 | D:10     | Noticed Erolcha
 16111 | Lair:1   | Entered Level 1 of the Lair of Beasts
 16124 | Lair:1   | Found a runed translucent gate.
 16124 | Lair:1   | Found a runed translucent gate.
 16124 | Lair:1   | Found a runed translucent gate.
 16159 | Lair:1   | Reached skill level 10 in Spellcasting
 16385 | Lair:1   | Noticed a minotaur
 16387 | Lair:1   | Noticed PaiMei's ghost (journeyman DsNe)
 16435 | Lair:1   | Reached ***** piety under Kikubaaqudgha
 17612 | Lair:2   | Noticed a death yak
 17612 | Lair:2   | Noticed a death yak
 17612 | Lair:2   | Noticed a death yak
 17618 | Lair:2   | Noticed a death yak
 17619 | Lair:2   | Noticed a death yak
 17636 | Lair:2   | Noticed a death yak
 17637 | Lair:2   | Killed a death yak
 17638 | Lair:2   | Reached skill level 5 in Shields
 17652 | Lair:2   | Killed a death yak
 17665 | Lair:2   | Killed a death yak
 17673 | Lair:2   | Killed a death yak
 17674 | Lair:2   | Reached XP level 13. HP: 106/106 MP: 7/27
 17683 | Lair:2   | Reached skill level 13 in Necromancy
 18906 | Lair:2   | Noticed Amaemon
 18913 | Lair:2   | Killed Amaemon
 19371 | Lair:3   | Found a staircase to the Shoals.
 20413 | Lair:3   | Reached skill level 14 in Necromancy
 20549 | Lair:3   | Found a hole to the Spider Nest.
 21498 | Lair:4   | Reached skill level 1 in Evocations
 21528 | Lair:4   | Reached ****** piety under Kikubaaqudgha
 21529 | Lair:4   | Reached skill level 1 in Armour
 21533 | Lair:4   | Gained mutation: You are partially covered in yellow
                  | scales. (AC +2) [demonic ancestry]
 21533 | Lair:4   | Reached XP level 14. HP: 112/115 MP: 20/29
 21949 | Lair:4   | Reached skill level 1 in Earth Magic
 22544 | Lair:4   | Noticed Nessos
 22610 | Lair:4   | Killed Nessos
 23147 | Lair:5   | Entered Level 5 of the Lair of Beasts
 23360 | Lair:5   | Found a viscous altar of Jiyva.
 23360 | Lair:5   | Found a staircase to the Slime Pits.
 23394 | Lair:5   | Found a runed translucent door.
 23792 | Lair:5   | Reached skill level 15 in Necromancy
 23913 | Lair:5   | Found a corrupted altar of Lugonu.
 23913 | Lair:5   | Found a one-way gate to the infinite horrors of the Abyss.
 24571 | Lair:5   | Reached skill level 5 in Armour
 24724 | Lair:5   | Noticed Josephus's ghost (journeyman FeSh)
 25136 | Lair:5   | Killed Josephus's ghost
 25398 | Lair:1   | Killed PaiMei's ghost
 25587 | D:5      | Killed Scarstruck's ghost
 25588 | D:5      | Gained mutation: You are mostly covered in sharp spines.
                  | [demonic ancestry]
 25588 | D:5      | Reached XP level 15. HP: 121/121 MP: 31/31
 25795 | D:7      | Learned a level 4 spell: Anguish
 25800 | D:7      | Learned a level 4 spell: Martyr's Knell
 25862 | Orc:1    | Entered Level 1 of the Orcish Mines
 25988 | Orc:1    | Reached skill level 5 in Earth Magic
 26534 | Orc:1    | Found Tuhufoco's Armour Boutique.
 26618 | Orc:2    | Entered Level 2 of the Orcish Mines
 27464 | Orc:2    | Found a staircase to the Elven Halls.
 28099 | Orc:2    | Paralysed by an orc sorcerer for 5 turns
 29914 | Orc:2    | Paralysed by an orc sorcerer for 4 turns
 30047 | Orc:2    | Found Ihoimuaf's General Store.
 30048 | Orc:2    | Found Xomadeerghu's Jewellery Boutique.
 30050 | Orc:2    | Found Qeack's Antique Armour Shop.
 30050 | Orc:2    | Found Tofivy's Antique Weapon Shop.
 30055 | Orc:2    | Bought a scroll of blinking for 120 gold pieces
 31346 | D:12     | Noticed Sonja
 31351 | D:12     | Killed Sonja
 31378 | D:12     | Found a frozen archway.
 31416 | IceCv    | Entered an ice cave
 31644 | IceCv    | Reached skill level 16 in Necromancy
 32386 | IceCv    | Got Tecvang's Secrets of Relocation
 34213 | D:13     | Found a gate leading to a gauntlet.
 34358 | Gauntlet | Entered a Gauntlet
 34358 | Gauntlet | Found a transporter.
 34358 | Gauntlet | Found a transporter.
 34464 | Gauntlet | Found a transporter.
 34477 | Gauntlet | Found a transporter.
 34495 | Gauntlet | Found a transporter.
 34495 | Gauntlet | Found a transporter.
 34498 | Gauntlet | Found a transporter.
 34498 | Gauntlet | Found a transporter.
 34499 | Gauntlet | Found a transporter.
 34512 | Gauntlet | Found a transporter.
 34530 | Gauntlet | Found a transporter.
 34537 | Gauntlet | Found a runed translucent door.
 34541 | Gauntlet | Found a transporter.
 34555 | Gauntlet | Found a transporter.
 34576 | Gauntlet | Found a transporter.
 34853 | Gauntlet | Identified the ring of Joostrakh {rCorr Str+2 Slay+4}
 34948 | Gauntlet | Identified the +3 swamp dragon scales of Ekkont {^Contam
                  | rElec rPois rCorr Int-3}
 35316 | D:13     | Identified the +6 dagger of Evil {holy, rCorr}
 35528 | D:13     | Gained mutation: You are mostly covered in yellow scales.
                  | (AC +3) [demonic ancestry]
 35528 | D:13     | Reached XP level 16. HP: 127/127 MP: 33/33
 35753 | D:13     | Found Itysa Buy's Magic Scroll Shoppe.
 35763 | D:13     | Bought a scroll of fear for 44 gold pieces
 35763 | D:13     | Bought a scroll of fog for 44 gold pieces
 35763 | D:13     | Bought a scroll of identify for 22 gold pieces
 35772 | D:13     | Identified a scroll of acquirement
 35928 | D:14     | Reached skill level 5 in Evocations
 36026 | D:14     | Found a gate to the Vaults.
 36921 | D:14     | Found Xuuda's Book Boutique.
 37237 | D:15     | Entered Level 15 of the Dungeon
 37943 | D:15     | Found a staircase to the Depths.
 37951 | D:15     | Reached skill level 17 in Necromancy
 38541 | D:15     | Found a portal to a secret trove of treasure.
 39156 | Elf:1    | Entered Level 1 of the Elven Halls
 39470 | Orc:2    | HP: 5/127 [deep elf archer/+0 dagger (7)]
 39471 | Orc:2    | Incinerated by a deep elf pyromancer

Illustrated notes

Levels and vault maps discovered:
D:1:      evilmike_arrival_plus, layout_basic,
          shapermc_ecumenical_altar_starsandcircs, minmay_rat_gold_closets
D:2:      minmay_evil_eye, layout_basic, basic_altar, serial_shops,
          nicolae_shop_statue_plus
D:3:      minmay_goblin_kobold_castle, layout_basic, lemuel_round_altar,
          cheibrodos_sewer_entry_drain, grunt_ministairs_10,
          guppyfry_early_lair_pool
D:4:      layout_cave_pods, lemuel_mausoleum_altar_kikubaaqudgha,
          ebering_ghost_reflecting_pool, hangedman_decor_push,
          kennysheep_orc_chapel
D:5:      layout_basic, ebering_ghost_rock_garden, hellmonk_no_cap, uniq_ijyb
D:6:      layout_basic, nicolae_elyvilon_temple_path, lexackson_kobold_supper,
          uniq_menkaure, uniq_pikel
D:7:      minmay_the_grid_octo_tiled_squarecenter
          [minmay_the_grid_octo_tetromino_candy, minmay_the_grid_octo_chip,
          minmay_the_grid_octo_toaster, minmay_the_grid_octo_fan_narrow,
          minmay_the_grid_square_5x5_megaprize_open,
          minmay_the_grid_square_5x5_longway,
          minmay_the_grid_square_5x5_beaten_path, minmay_the_grid_square_5x5_z,
          minmay_the_grid_square_5x5_meh], layout_basic,
          nicolae_ashenzari_panopticon, xom_redecorated,
          minmay_temple_entry_sparse_star, serial_shops, shop,
          nicolae_shop_stone, shop, nicolae_shop_rolling_square, shop,
          uniq_crazy_yiuf_cottage, uniq_maggie
D:8:      layout_basic, hellmonk_lair_entry_icy, uniq_prince_ribbit1
D:9:      layout_small_grid, erik_orc_3
D:10:     layout_roguey, serial_rivers, chequers_serial_rivers_micro_d,
          chequers_serial_rivers_micro_e, chequers_serial_rivers_marsh,
          chequers_serial_rivers_micro_d, grunt_potential, uniq_erica,
          uniq_snorg, uniq_lodul, uniq_erolcha, uniq_gastronok
D:11:     layout_roguey [special_room_bee]
D:12:     layout_grid_maze, portal_ice_cave_entry_ice_simulacra,
          onia_ninara_cookie, uniq_sonja
D:13:     minmay_recursive_quarters, layout_basic, gauntlet_entry_generic,
          serial_shops, nicolae_square_shop
D:14:     layout_loops_corners, lightli_vaults_fourway_checkpoint, serial_shops,
          nicolae_shop_real_fake_doors, chequers_serial_rivers_large_b
D:15:     grunt_enter_depths_magical_seal, layout_cave_pods,
          trove_entry_hex_spiral, minmay_misc_feat_more_columns, minivault_26
Temple:   hellmonk_temple_divided_pantheon
Lair:1:   minmay_lair_venomous_thicket, layout_cave_pods,
          maelrawn_ghost_gauntlet_escape, nicolae_quartered_pool_super,
          lemuel_fruit_tree
Lair:2:   layout_cave_pods, cheibrodos_lair_reptile_den, lemuel_fruit_fields,
          uniq_amaemon
Lair:3:   layout_roguey, shoals_dummy_entry, nicolae_spider_entry_tight_spaces,
          minmay_stone_trees_small, serial_bayou_shore_b,
          infiniplex_staircase_pool
Lair:4:   layout_small_grid, lemuel_fruit_fields, grunt_megastairs_1,
          uniq_nessos
Lair:5:   hellmonk_lair_end_abyssal_woods, layout_regular_city, slime_entry_1,
          ebering_ghost_reflecting_pool, pond, grunt_megastairs_2,
          lemuel_fruit_fields, infiniplex_staircase_pool_2, serial_bayou_shore_b
Orc:1:    layout_caves, gammafunk_ghost_fury_of_okawaru, serial_shops,
          nicolae_shop_tiny_real_fake_doors, uniq_josephine
Orc:2:    st_orc_congregation, layout_diamond_mine
Elf:1:    layout_rooms, portal_desolation_entry_nicolae_nacl,
          nicolae_elf_blasts_and_bolts, nicolae_shop_gadgets

Skill      XL: |  1  2  3  4  5  6  7  8  9 10 11 12 13 14 15 16 |
---------------+-------------------------------------------------+-----
Stealth        | 2 |  2.0
Dodging        | 2 3 4 5 6 8 9 |  9.0
Fighting       | 1 2 3 4 5 7 8 9 11 12 | 12.3
Necromancy     | 5 6 7 9 10 11 12 14 15 16 17 | 17.1
Spellcasting   | 3 4 5 6 8 9 10 11 12 13 14 | 14.3
Shields        | 2 5 7 |  7.2
Evocations     | 1 4 6 |  6.7
Armour         | 1 5 7 8 |  8.8
Earth Magic    | 4 6 |  6.0

Action                     |  1- 3 |  4- 6 |  7- 9 | 10-12 | 13-15 | 16-18 || total
---------------------------+-------+-------+-------+-------+-------+-------++-------
  Melee: Short sword       |    20 |     9 |       |       |       |       ||    29
         Kick              |     5 |     3 |    60 |    12 |       |       ||    80
         Whip              |       |    14 |   190 |    63 |       |       ||   267
         Punch             |       |     2 |     3 |     6 |       |       ||    11
         Unarmed           |       |       |     8 |       |       |       ||     8
         Dagger            |       |       |       |    41 |       |       ||    41
         Flail             |       |       |       |   221 |   885 |   118 ||  1224
   Cast: Necrotise         |    76 |   138 |   119 |   124 |    11 |       ||   468
         Vampiric Draining |       |     3 |    71 |   217 |   110 |     3 ||   404
         Dispel Undead     |       |       |       |     7 |    66 |     2 ||    75
         Curse of Agony    |       |       |       |    13 |    47 |     7 ||    67
         Animate Dead      |       |       |       |     4 |    14 |     3 ||    21
         Borgnjor's Vile C |       |       |       |     9 |   297 |    70 ||   376
  Evoke: Wand              |       |       |       |     3 |       |       ||     3
    Use: Scroll            |       |       |       |     8 |     7 |     3 ||    18
         Potion            |       |       |       |     1 |       |       ||     1
   Stab: Sleeping          |       |       |     6 |       |     3 |       ||     9
         Distracted        |       |       |       |     2 |     6 |       ||     8
 Armour: Robe              |    18 |    35 |    86 |       |       |       ||   139
         Steam dragon scal |       |       |    44 |   214 |       |       ||   258
         Skin              |       |       |     5 |       |       |       ||     5
         Troll leather arm |       |       |       |   160 |  1066 |   202 ||  1428
  Dodge: Dodged            |    29 |    42 |   203 |   444 |  1127 |   161 ||  2006
  Block: Buckler           |       |       |       |    49 |   681 |    96 ||   826
         Reflection        |       |       |       |       |       |     4 ||     4
